 Dungeon Crawl Stone Soup version 0.20.1-1-g8b1a95d (webtiles) character file.

7723 Monsterracer the Slinger (level 11, -2/71 (72) HPs)
             Began as a Halfling Arcane Marksman on Aug 24, 2017.
             Was a High Priest of Okawaru.
             Killed by a guardian mummy's death curse (23 damage)
             ... on level 10 of the Dungeon on Aug 25, 2017.
             The game lasted 00:33:55 (16123 turns).

Monsterracer the Slinger (HaAM)                    Turns: 16123, Time: 00:33:55

HP:   -2/71 (72)    AC: 14    Str: 14    XL:     11   Next: 42%
MP:   24/24         EV: 17    Int:  8    God:    Okawaru [*****.]
Gold: 344           SH:  0    Dex: 21    Spells: 9/12 levels left

rFire    . . .     SeeInvis .   a - +1 hunting sling
rCold    + . .     Gourm    .   (shield restricted)
rNeg     . . .     Faith    .   N - +1 scale mail {rC+}
rPois    .         Spirit   .   l - +2 helmet
rElec    .         Reflect  .   (no cloak)
rCorr    .         Harm     .   (no gloves)
MR       +....                  (no boots)
Stlth    ..........             s - amulet "Lealotusch" {+Rage +Fly MP+9 Int-3}
Regen    0.3/turn               y - +5 ring of dexterity
MPRegen  0.2/turn               I - +3 ring of protection

@: no status effects
A: magic resistance 1, mutation resistance 1
a: Heroism, Finesse, Renounce Religion, Evoke Berserk Rage, Evoke Flight


You were on level 10 of the Dungeon.
You worshipped Okawaru.
Okawaru was extremely pleased with you.
You were not hungry.

You visited 1 branch of the dungeon, and saw 10 of its levels.
You also visited: Ossuary.

You collected 349 gold pieces.
You spent 5 gold pieces at shops.

Inventory:

Hand Weapons
 a - a +1 hunting sling (weapon)
 b - a +0 scimitar
Missiles
 d - 105 sling bullets (quivered)
 h - 100 stones
 o - 5 throwing nets
Armour
 e - a +0 buckler
 l - a +2 helmet (worn)
 N - a +1 scale mail of cold resistance (worn)
Jewellery
 s - the amulet "Lealotusch" (around neck) {+Rage +Fly MP+9 Int-3}
   (You found it on level 10 of the Dungeon)

   [amulet of rage]

   It affects your intelligence (-3).
   It affects your magic capacity (+9).
   It lets you fly.
   It lets you go berserk.
 y - a +5 ring of dexterity (left hand)
 I - a +3 ring of protection (right hand)
Wands
 j - a wand of iceblast (9/15)
 w - a wand of lightning (6/15)
 B - a wand of iceblast (8/15)
 C - a wand of paralysis (11/24)
 L - a wand of iceblast (7/15)
Scrolls
 f - 3 scrolls of magic mapping
 i - 9 scrolls of remove curse
 q - 3 scrolls of teleportation
 r - 2 scrolls of fear
 x - 3 scrolls of enchant armour
 D - a scroll of enchant weapon
 E - a scroll of blinking
 G - 3 scrolls of fog
Potions
 g - 2 potions of magic
 k - a potion of invisibility
 m - 4 potions of heal wounds
 p - 2 potions of agility
 t - 4 potions of might
 u - 3 potions of curing
 v - a potion of ambrosia
 z - a potion of haste
 A - 3 potions of flight
 F - 2 potions of mutation
 H - 2 potions of lignification {unknown}
 J - a potion of degeneration {unknown}
Comestibles
 c - 4 royal jellies
 n - 7 meat rations
 K - 7 bread rations


   Skills:
 + Level 5.5 Fighting
   Level 4.5(6.8) Short Blades
 * Level 6.5(7.0) Long Blades
 * Level 13.2 Slings
 + Level 6.1 Armour
 + Level 7.3 Dodging
 + Level 0.4 Shields
 - Level 1.0 Spellcasting
 - Level 2.4 Hexes
 + Level 5.7 Invocations


You had 9 spell levels left.
You knew the following spells:

 Your Spells              Type           Power        Failure   Level  Hunger
a - Portal Projectile     Hex/Tloc       #.....       95%         3    ####...


Dungeon Overview and Level Annotations

Branches:
Dungeon (10/15)            Temple (0/1) D:6
   Lair: D:8-11         Orc: D:9-12

Altars:
Dithmenos
Elyvilon
Fedhas
Hepliaklqana
Makhleb
Okawaru
Ru
Sif Muna
Trog
The Shining One

Shops:
D:9 *

Portals:
Trove: D:10 (give +3 storm dragon scales)


Innate Abilities, Weirdness & Mutations

You are small and have problems with some larger weapons.
You are somewhat resistant to further mutation.
You are resistant to hostile enchantments. (MR+)


Message History

Items here: )) [[ † a morningstar; a chain mail; a dagger; a robe; an orc corpse
Things that are here:
a tomahawk; a club Firing (i - inventory. (,) - cycle):
d - 106 sling bullets (quivered)
Press: ? - help, Shift-Dir - straight line, f/p - guardian mummy
Aim: a guardian mummy (almost destroyed)
You shoot a sling bullet.
The sling bullet hits the guardian mummy.
The guardian mummy is almost destroyed.
Firing (i - inventory. (,) - cycle):
d - 105 sling bullets (quivered)
Press: ? - help, Shift-Dir - straight line, f/p - guardian mummy
Aim: a guardian mummy (almost destroyed)
You shoot a sling bullet.
The sling bullet hits the guardian mummy!
You destroy the guardian mummy!
Okawaru accepts your kill.
You feel extremely nervous for a moment...
You convulse helplessly as pain tears through your body!
You die...

.# ##+# #.# ##...##
#.# ##...[.## #.#
##.......## ##.##
#..)......####...##
+.........'.......#
#.........####...##
#.......## ##@##
##.....## #(#
##.†.## #)# ##'##
#)## #.# #(.# #.#
##.# ##.## #.#
##...###### #.#
#.....##$$$# #.#


There were no monsters in sight!

Vanquished Creatures
  A two-headed ogre (D:9)
  Pikel (D:7)
  A guardian mummy (D:10)
  A troll (D:9)
  Prince Ribbit (D:7)
  A hippogriff (D:9)
  A spriggan (D:7)
  2 hungry ghosts
  A water moccasin (D:8)
  3 ice beasts
  4 sky beasts
  3 slaves (D:7)
  2 black bears
  2 phantoms (D:7)
  4 orc warriors
  2 necrophages
  An ogre (D:7)
  3 centaurs
  A crocodile (D:9)
  3 bullfrogs
  A gnoll sergeant (D:9)
  2 scorpions
  22 killer bees
  4 howler monkeys
  An electric eel (D:7)
  A centaur zombie (D:5)
  6 crimson imps
  3 jellies
  3 bullfrog skeletons
  6 orc priests
  6 hounds
  11 orc wizards
  3 iguanas
  Terence (D:3)
  6 worker ants
  3 hound skeletons
  11 mummies (Ossuary)
  Robin (D:3)
  A howler monkey zombie (D:8)
  A worker ant zombie (D:5)
  5 gnolls
  11 adders
  A shadow imp (D:7)
  2 oozes
  An adder zombie (D:7)
  2 adder skeletons
  5 worms
  5 leopard geckos
  39 orcs
  2 ball pythons
  6 giant cockroaches
  13 goblins
  8 hobgoblins
  18 jackals
  3 quokkas
  8 bats
  3 frilled lizards
  A gnoll skeleton (Ossuary)
  4 goblin skeletons (Ossuary)
  4 kobolds
  3 orc skeletons (Ossuary)
  A quokka skeleton (D:4)
  2 quokka zombies
  8 rats
  11 rat skeletons (Ossuary)
297 creatures vanquished.

Vanquished Creatures (others)
  A slave (D:10)
1 creature vanquished.

Grand Total: 298 creatures vanquished

Notes
Turn   | Place    | Note
-------+----------+-------------------------------------------
     0 | D:1      | Monsterracer the Halfling Arcane Marksman began the quest for the Orb.
     0 | D:1      | Reached XP level 1. HP: 12/12 MP: 2/2
    23 | D:1      | Reached skill level 1 in Fighting
   183 | D:1      | Reached XP level 2. HP: 11/18 MP: 3/3
   578 | D:1      | HP: 9/18 [giant cockroach (2)]
  1326 | D:1      | Reached XP level 3. HP: 23/23 MP: 4/4
  1499 | D:2      | Reached skill level 4 in Slings
  1603 | D:2      | Found a faded altar of an unknown god.
  1781 | D:2      | Became a worshipper of the Shining One
  1781 | D:2      | Reached * piety under the Shining One
  1982 | D:2      | HP: 8/23 [worm (5)]
  2265 | D:2      | Reached XP level 4. HP: 28/28 MP: 5/5
  2510 | D:3      | Reached skill level 1 in Short Blades
  2511 | D:3      | Noticed Robin
  2898 | D:3      | Killed Robin
  3064 | D:3      | Noticed Terence
  3091 | D:3      | Killed Terence
  3091 | D:3      | Reached skill level 5 in Slings
  3091 | D:3      | Reached XP level 5. HP: 25/34 MP: 6/6
  3319 | D:3      | HP: 14/34 [orc wizard/magic dart (9)]
  3619 | D:3      | Found a sacrificial altar of Ru.
  3639 | D:3      | Learned a level 3 spell: Portal Projectile
  3786 | D:3      | Reached skill level 6 in Slings
  3786 | D:3      | Reached XP level 6. HP: 30/39 MP: 7/7
  4043 | D:4      | Found a sand-covered staircase.
  4201 | D:4      | HP: 17/39 [orc wizard/magic dart (7)]
  4206 | D:4      | HP: 7/39 [orc wizard/magic dart (10)]
  4211 | D:4      | HP: 6/39 [orc/club (2)]
  4381 | D:4      | Found a shadowy altar of Dithmenos.
  4381 | D:4      | Found a faded altar of an unknown god.
  4388 | D:4      | Found a deep blue altar of Sif Muna.
  4390 | D:4      | Found an iron altar of Okawaru.
  4392 | D:4      | Found a blossoming altar of Fedhas.
  4396 | D:4      | Fell from the grace of the Shining One
  4396 | D:4      | Became a worshipper of Warmaster Okawaru
  4467 | Ossuary  | Entered an ossuary
  4624 | Ossuary  | HP: 17/39 [mummy (15)]
  5014 | Ossuary  | Reached skill level 1 in Armour
  5062 | Ossuary  | HP: 16/39 [mummy (14)]
  5069 | Ossuary  | HP: 4/39 [mummy (13)]
  5512 | Ossuary  | Reached skill level 7 in Slings
  5512 | Ossuary  | Reached XP level 7. HP: 31/45 MP: 8/8
  5775 | Ossuary  | HP: 19/45 [mummy (14)]
  6397 | D:4      | Found a white marble altar of Elyvilon.
  6705 | D:5      | Entered Level 5 of the Dungeon
  7174 | D:5      | Found a burning altar of Makhleb.
  7198 | D:5      | Reached skill level 8 in Slings
  7198 | D:5      | Reached skill level 1 in Invocations
  7204 | D:5      | HP: 21/45 [orc (4)]
  7210 | D:5      | HP: 4/45 [orc priest/divine providence (15)]
  7211 | D:5      | Reached * piety under Okawaru
  7767 | D:5      | Reached XP level 8. HP: 42/51 MP: 9/9
  7958 | D:5      | HP: 22/51 [centaur (7)]
  8917 | D:6      | Found a bloodstained altar of Trog.
  8930 | D:6      | Found a blossoming altar of Fedhas.
  9014 | D:6      | HP: 23/51 [ice beast (5)]
  9217 | D:6      | Found a hazy altar of Hepliaklqana.
  9265 | D:6      | Reached skill level 9 in Slings
  9457 | D:6      | Found a staircase to the Ecumenical Temple.
  9905 | D:7      | Reached skill level 5 in Dodging
 10161 | D:7      | Reached XP level 9. HP: 52/57 MP: 10/10
 10374 | D:7      | Reached skill level 10 in Slings
 10389 | D:7      | HP: 25/57 [electric eel/bolt of electricity (11)]
 10662 | D:7      | HP: 25/58 [orc warrior/long sword (9)]
 10670 | D:7      | HP: 15/58 [orc warrior/long sword (11)]
 10675 | D:7      | Reached ** piety under Okawaru
 10691 | D:7      | HP: 18/58 [orc wizard/dagger (1)]
 10957 | D:7      | HP: 28/58 [bullfrog (7)]
 10962 | D:7      | Reached skill level 1 in Long Blades
 10962 | D:7      | HP: 19/58 [poisoned by a worker ant]
 10967 | D:7      | HP: 18/58 [poisoned by a worker ant]
 10974 | D:7      | HP: 18/58 [poisoned by a worker ant]
 10982 | D:7      | HP: 17/58 [poisoned by a worker ant]
 11667 | D:7      | Noticed Prince Ribbit
 11691 | D:7      | Killed Prince Ribbit
 11691 | D:7      | Reached skill level 11 in Slings
 11698 | D:7      | HP: 29/58 [phantom (6)]
 11728 | D:7      | HP: 24/58 [phantom (8)]
 11997 | D:7      | Reached XP level 10. HP: 41/65 MP: 12/12
 12029 | D:7      | Reached *** piety under Okawaru
 12321 | D:7      | HP: 25/65 [orc warrior/scimitar (13)]
 12330 | D:7      | HP: 13/65 [orc warrior/scimitar (3)]
 12758 | D:7      | Noticed Pikel
 12794 | D:7      | Killed Pikel
 12794 | D:7      | Received a gift from Okawaru
 12794 | D:7      | Reached skill level 5 in Armour
 13384 | D:8      | Reached skill level 12 in Slings
 13497 | D:8      | Reached skill level 5 in Long Blades
 13797 | D:8      | Reached skill level 5 in Invocations
 13820 | D:8      | Got a smoking robe
 13831 | D:8      | Identified the +3 robe of Defence {SInv} (You found it on level 8 of the Dungeon)
 14087 | D:9      | Reached **** piety under Okawaru
 14087 | D:9      | Reached skill level 5 in Fighting
 14334 | D:9      | Noticed a two-headed ogre
 14371 | D:9      | Killed a two-headed ogre
 14371 | D:9      | Reached XP level 11. HP: 37/71 MP: 12/15
 14374 | D:9      | HP: 30/71 [troll (7)]
 14571 | D:9      | Found Kiffiadgh's Changing Room.
 14600 | D:9      | Bought 3 mutagenic chunks of flesh for 3 gold pieces
 14600 | D:9      | Bought 2 mutagenic chunks of flesh for 2 gold pieces
 14603 | D:9      | Gained mutation: You are resistant to hostile enchantments. (MR+) [mutagenic meat]
 14647 | D:9      | Reached ***** piety under Okawaru
 14823 | D:10     | Entered Level 10 of the Dungeon
 15031 | D:10     | HP: 35/71 [poisoned by a killer bee]
 15032 | D:10     | Reached skill level 13 in Slings
 15036 | D:10     | HP: 35/71 [poisoned by a killer bee]
 15119 | D:10     | HP: 32/71 [killer bee (8)]
 15128 | D:10     | HP: 30/71 [killer bee (1)]
 15135 | D:10     | HP: 28/71 [poisoned by a killer bee]
 15140 | D:10     | HP: 18/71 [killer bee (4)]
 15148 | D:10     | HP: 17/71 [poisoned by a killer bee]
 15150 | D:10     | Received a gift from Okawaru
 15155 | D:10     | HP: 17/71 [poisoned by a killer bee]
 15160 | D:10     | HP: 16/71 [poisoned by a killer bee]
 15165 | D:10     | HP: 16/71 [poisoned by a killer bee]
 15531 | D:10     | Got a vibrating copper amulet
 15534 | D:10     | Identified the amulet "Lealotusch" {+Rage +Fly MP+9 Int-3} (You found it on level 10 of the Dungeon)
 16059 | D:10     | Received a gift from Okawaru
 16084 | D:10     | Found a portal to a secret trove of treasure.
 16106 | D:10     | HP: 34/71 [guardian mummy (22)]
 16123 | D:10     | Killed by a guardian mummy's death curse

Skill      XL: |  1  2  3  4  5  6  7  8  9 10 11 |
---------------+----------------------------------+-----
Fighting       | 1 2 3 4 5 |  5.5
Slings         | 4 5 6 7 8 9 11 12 13 | 13.2
Short Blades   | 1 2 3 4 |  4.5
Dodging        | 3 4 5 6 7 |  7.3
Armour         | 1 2 3 4 5 6 |  6.1
Invocations    | 1 2 3 5 |  5.7
Long Blades    | 3 5 6 |  6.5
Shields        | |  0.4
Spellcasting   | |  1.0
Hexes          | |  2.4

Action                   |  1- 3 |  4- 6 |  7- 9 | 10-12 || total
-------------------------+-------+-------+-------+-------++-------
Melee: Unarmed           |    90 |       |       |       ||    90
       Dagger            |    67 |    83 |       |       ||   150
       Short sword       |       |   172 |   490 |       ||   662
       Long sword        |       |       |    96 |    53 ||   149
       Scimitar          |       |       |       |   368 ||   368
       Punch             |       |       |       |     2 ||     2
 Fire: Hunting sling     |    49 |    86 |   312 |   269 ||   716
Throw: Stone             |       |     1 |       |       ||     1
       Throwing net      |       |       |       |     1 ||     1
Invok: Heroism           |       |       |     2 |     6 ||     8
 Abil: Evoke Berserk Rag |       |     5 |       |       ||     5
       Evoke Flight      |       |       |       |     1 ||     1
  Use: Scroll            |     2 |    14 |     2 |     8 ||    26
       Potion            |       |       |       |     1 ||     1
 Stab: Sleeping          |     2 |       |       |       ||     2
  Eat: Chunk             |     4 |     7 |    20 |    22 ||    53
       Fruit             |       |     3 |     1 |     1 ||     5
       Bread ration      |       |     1 |     2 |       ||     3
       Meat ration       |       |       |     1 |       ||     1
Armor: Robe              |    24 |       |       |       ||    24
       Ring mail         |    17 |    24 |       |       ||    41
       Scale mail        |       |    50 |   223 |   210 ||   483
Dodge: Dodged            |   145 |   168 |   482 |   492 ||  1287
       Rpst.: Long sword |       |       |    33 |     7 ||    40
       Scimitar          |       |       |       |   104 ||   104
